cohdb
Replays
Latest Replays
All Replays
Popular Replays
Top Player Replays
Match Explorer
How It Works
Community
CoH3 Stats
Reddit
Sign in to upload your games and track your stats! →
Sign in with Steam
Match 39646537
Unlisted
Match 39646537
Overview
Messages
Build Orders
End
Kettenkrad Recon Vehicle
Construct Infanterie Kompanie
MG 42 Machine Gun Team
Grenadier Squad
GrW 34 Mortar Team
Grenadier Squad
Medical Station
Construct Luftwaffe Kompanie
Flak 30 Anti-aircraft Gun Team
Jäger Squad
Support Elements
Wirbelwind Flakpanzer
Marder III M Tank Destroyer
Luftwaffe Officer Quarters
Pioneer Squad
KitLKC
zip80
◬Visuals By Cuno✞
Genki
0
0
Comments
sign in to comment!
No comments posted yet!